 Dungeon Crawl Stone Soup version 0.29.1-12-g30fa7ad0bf (webtiles) character file.

Game seed: 2987473656054034270

25 sneakypete the Ducker (level 2, -3/22 HPs)
             Began as a Demonspawn Gladiator on Jan 13, 2023.
             Slain by a worm (9 damage)
             ... on level 2 of the Dungeon.
             The game lasted 00:05:59 (1330 turns).

sneakypete the Ducker (Demonspawn Gladiator)        Turns: 1330, Time: 00:05:59

Health: -3/22      AC:  4    Str: 14    XL:     2   Next: 82%
Magic:  2/2        EV: 12    Int:  9    God:
Gold:   65         SH:  4    Dex: 14    Spells: 1/1 levels left

rFire   . . .      SeeInvis .   a - +0 war axe
rCold   . . .      Faith    .   (no shield)
rNeg    . . .      Spirit   .   b - +0 leather armour
rPois   .          Reflect  .   c - +0 helmet
rElec   .          Harm     .   (no cloak)
rCorr   .          Rampage  .   (no gloves)
Will    .....                   (no boots)
Stlth   +.........              (no amulet)
HPRegen 0.07/turn               (no ring)
MPRegen 0.08/turn               (no ring)

@: no status effects
A: condensation shield
a: no special abilities


You were on level 2 of the Dungeon.
You visited 1 branch of the dungeon, and saw 2 of its levels.

You collected 65 gold pieces.

Inventory:

Hand Weapons
 a - a +0 war axe (weapon)
 g - a +2 vampiric dagger
Missiles
 d - 3 throwing nets (quivered)
 e - a javelin
Armour
 b - a +0 leather armour (worn)
 c - a +0 helmet (worn)
Scrolls
 h - a scroll of blinking {unknown}
 i - a scroll of identify {unknown}
 k - 2 scrolls of poison {unknown}
 l - 3 scrolls of teleportation {unknown}
 m - a scroll of butterflies {unknown}
Potions
 f - a potion of heal wounds {unknown}
 j - 2 potions of curing {unknown}


   Skills:
 + Level 2.1 Fighting
 + Level 3.0 Axes
 + Level 1.8 Throwing
 + Level 0.5 Armour
 + Level 3.1 Dodging


You had one spell level left.
You didn't know any spells.
Your spell library contained the following spells:

 Spells                   Type           Power      Damage    Failure   Level
 Apportation              Tloc           0%         N/A       45%         1
 Necrotise                Necr           0%         1d4       45%         1
 Summon Small Mammal      Summ           0%         N/A       45%         1


Dungeon Overview and Level Annotations

Branches:
Dungeon (2/15)

Altars:


Innate Abilities, Weirdness & Mutations

A meltable shield of frost defends you. (SH +4)


Message History

You closely miss the bat. The bat closely misses you.
The bat hits you but does no damage. The bat barely misses you.
You block the bat's attack. The bat barely misses you.
You block the bat's attack. The bat hits you but does no damage.
The bat hits you. The bat closely misses you.
You slash the bat!
You kill the bat!
Found 5 stones.
A hobgoblin comes into view.
The hobgoblin shouts!
A worm comes into view.
You barely miss the hobgoblin.
The hobgoblin hits you but does no damage.
You hit the hobgoblin but do no damage. The hobgoblin closely misses you.
You closely miss the hobgoblin. The hobgoblin closely misses you.
You block the hobgoblin's attack.
You slash the hobgoblin!
You kill the hobgoblin!
The worm bites you!
You slash the worm!
The worm is heavily wounded.
The worm misses you.
You hit the worm but do no damage.
The worm is moderately wounded.
The worm bites you!
* * * LOW HITPOINT WARNING * * *
You hit the worm.
The worm is severely wounded.
You barely miss the worm.
The worm is severely wounded.
The worm barely misses you.
You barely miss the worm.
The worm is severely wounded.
The worm closely misses you.
You completely miss the worm.
The worm is heavily wounded.
The worm bites you!
You die...

.##.##.....##....### ..#
.....#.....###.#.#####(.
....
###..#.....###.#........
...
###..#.....#........##..
.....#.....#.###.##.#
..##.#######. #.# .#
#.##<# #.###.# # .....#
#.....##.# ...###
##...@...# ...#
###.w.....# ...#
....#.##.# ..##
#.#.#.#.# # .## #.#. #
#.. ## # #. #.# #. .# #.
#


You could see a worm.

Vanquished Creatures
  An adder (D:2)
  A bat (D:2)
  2 endoplasms
  A giant cockroach (D:1)
  3 hobgoblins
  A frilled lizard (D:1)
  3 goblins (D:1)
  3 kobolds (D:1)
  A bush (D:2)
16 creatures vanquished.

Vanquished Creatures (others)
  A fungus (D:2)
1 creature vanquished.

Grand Total: 17 creatures vanquished

Notes
Turn   | Place    | Note
-------+----------+-------------------------------------------
     0 | D:1      | sneakypete the Demonspawn Gladiator began the quest for the
                  | Orb.
     0 | D:1      | Reached XP level 1. HP: 16/16 MP: 1/1
   686 | D:1      | Gained mutation: A meltable shield of frost defends you.
                  | (SH +4) [demonic ancestry]
   686 | D:1      | Reached XP level 2. HP: 22/22 MP: 2/2
  1330 | D:2      | Slain by a worm

Illustrated notes

Levels and vault maps discovered:
D:1:      scummos_arrival_simple_crosswalls, layout_basic
D:2:      layout_loops_cross, dreamdust_ecumenical_altar_angels_and_demons,
          uniq_natasha, uniq_crazy_yiuf_cottage

Skill      XL: |  1  2 |
---------------+-------+-----
Dodging        | 3 |  3.1
Axes           | 3 |  3.0
Fighting       | |  2.1
Throwing       | |  1.8
Armour         | |  0.5

Action                   || total
-------------------------++-------
Melee: War axe           ||    85
Armor: Leather armour    ||    11
Dodge: Dodged            ||    23
Block: Other             ||     3
